 Dungeon Crawl Stone Soup version 0.24-a0-493-g7e4ddcd485 (webtiles) character file.

Game seed: 2680144685530234320

728 Gaball the Ogre Mage (level 7, -1/59 HPs)
             Began as an Ogre Wizard on July 12, 2019.
             Was an Initiate of Vehumet.
             Slain by an ice beast (12 damage)
             ... on level 4 of the Dungeon.
             The game lasted 00:16:06 (5323 turns).

Gaball the Ogre Mage (Ogre Wizard)                  Turns: 5323, Time: 00:16:08

Health: -1/59      AC:  3    Str: 13    XL:     7   Next: 72%
Magic:  13/17      EV: 10    Int: 20    God:    Vehumet [......]
Gold:   243        SH:  0    Dex: 12    Spells: 12/20 levels left

rFire    . . .     SeeInvis .   A - +2 dagger (venom)
rCold    . . .     Gourm    .   (no shield)
rNeg     . . .     Faith    .   a - +0 robe
rPois    .         Spirit   .   b - +0 hat
rElec    .         Reflect  .   (no cloak)
rCorr    .         Harm     .   (gloves unavailable)
MR       .....                  (boots unavailable)
Stlth    ++........             w - amulet of magic regeneration
HPRegen  0.19/turn              v - +5 ring of dexterity
MPRegen  0.15/turn              (no ring)

@: no status effects
A: large, unfitting armour, tough skin 1
a: Renounce Religion


You were on level 4 of the Dungeon.
You worshipped Vehumet.
Vehumet was noncommittal.
You were not hungry.

You visited 1 branch of the dungeon, and saw 4 of its levels.

You collected 243 gold pieces.

Inventory:

Hand Weapons
 A - a +2 dagger of venom (weapon)
Missiles
 h - 120 stones (quivered)
Armour
 a - a +0 robe (worn)
 b - a +0 hat (worn)
 l - a +0 pair of boots
Jewellery
 g - an uncursed ring of protection from cold
 k - an uncursed amulet of guardian spirit
 q - an uncursed ring of stealth
 v - a +5 ring of dexterity (left hand)
 w - an amulet of magic regeneration (around neck)
 y - an uncursed amulet of guardian spirit
Scrolls
 e - 3 scrolls of enchant weapon
 i - 2 scrolls of blinking {unknown}
 r - a scroll of enchant armour {unknown}
 s - 3 scrolls of noise
 t - a scroll of amnesia {unknown}
 u - 2 scrolls of teleportation {unknown}
 x - 2 scrolls of remove curse {unknown}
Potions
 c - a potion of mutation {unknown}
 f - a potion of curing
 j - a potion of cancellation {unknown}
 m - a potion of degeneration
 n - a potion of resistance
 o - a potion of might {unknown}
 p - 3 potions of brilliance {unknown}
 z - a potion of ambrosia {unknown}
Comestibles
 d - 6 rations


   Skills:
 - Level 1.7 Dodging
 - Level 1.4 Stealth
 + Level 7.4 Spellcasting
 + Level 5.3 Conjurations
 - Level 0.8 Summonings
 - Level 0.8 Translocations


You had 12 spell levels left.
You knew the following spells:

 Your Spells              Type           Power        Failure   Level  Hunger
a - Magic Dart            Conj           ####         1%          1    None
b - Call Imp              Summ           ##......     10%         2    None
c - Blink                 Tloc           N/A          10%         2    None
d - Mephitic Cloud        Conj/Pois/Air  ##......     13%         3    #......

Your spell library contained the following spells:

 Spells                   Type           Power        Failure   Level  Hunger
 Conjure Flame            Conj/Fire      ###.....     9%          3    #......
 Slow                     Hex            #.......     14%         2    None


Dungeon Overview and Level Annotations

Branches:
Dungeon (4/15)
 Temple: D:4-7

Altars:
Dithmenos
Vehumet

Annotations:
D:4 1 transporter


Innate Abilities, Weirdness & Mutations

You are too large for most types of armour.
You have tough skin. (AC +1)


Message History

The ice beast hits you. The ice beast freezes you! The ice beast misses you.
You hit the ice beast.
The ice beast is lightly wounded.
The ice beast closely misses you.
Your shadow imp is engulfed in freezing vapours.
Your shadow imp hits the ice beast.
The ice beast barely misses you. x2
Really walk into that cloud of freezing vapour? [Y]es or [N]o only, please.
Really walk into that cloud of freezing vapour?
Okay, then.
Really walk into that cloud of freezing vapour?
Really walk into a travel-excluded area?
An ice beast comes into view.
You are engulfed in freezing vapours.
* * * LOW HITPOINT WARNING * * *
Your shadow imp is engulfed in freezing vapours.
The ice beast barely misses you. The ice beast hits you.
* * * LOW HITPOINT WARNING * * *
The ice beast freezes you!
You die...

#..#.........#
#.##...#..<..##.©...
#.##......############
#.##..#..#.#○°☼?©!○○☼#
#.##.....#.#○○°$($°☼○#
..##.#...#.#°○.....○☼#
p##.p....#.#○○☼○°°☼○°#
.#..###....#Y°☼○○☼○○○#
...###..#..####Y@○###
.p###...##..#°○5YY○☼# .##
#.#.##.##☼○#.#.○# ...
.####...##.##☼○...☼○###.#
.........#.##○☼#©#○°#.#.#
#####.##.#.##☼○○○☼☼○#.#.#
#
#.....##....#○○°°○○°#.#.#
.#
#...........#########<#.#
.####
..######........©..##.#.#
#.....


You could see 4 ice beasts and a friendly shadow imp.

Vanquished Creatures
  Pikel (D:3)
  Edmund (D:3)
  An ogre (D:4)
  An orc priest (D:3)
  2 worker ants (D:4)
  5 adders
  An ooze (D:1)
  A worm (D:2)
  3 leopard geckos (D:2)
  6 orcs
  2 giant cockroaches (D:3)
  4 goblins
  5 hobgoblins
  3 jackals (D:2)
  6 kobolds
  2 quokkas
  5 bats
  2 frilled lizards
  6 rats
57 creatures vanquished.

Vanquished Creatures (collateral kills)
  2 orc wizards (D:4)
  2 adders (D:2)
  An ooze (D:2)
  A worm (D:2)
  An orc (D:3)
7 creatures vanquished.

Grand Total: 64 creatures vanquished

Notes
Turn   | Place    | Note
-------+----------+-------------------------------------------
     0 | D:1      | Gaball the Ogre Wizard began the quest for the Orb.
     0 | D:1      | Reached XP level 1. HP: 16/16 MP: 5/5
   231 | D:1      | Reached skill level 1 in Conjurations
   638 | D:1      | Reached skill level 4 in Spellcasting
   638 | D:1      | Reached XP level 2. HP: 5/24 MP: 0/7
  1463 | D:2      | Learned a level 2 spell: Call Imp
  1466 | D:2      | Learned a level 2 spell: Blink
  1564 | D:2      | Reached XP level 3. HP: 13/31 MP: 3/8
  2188 | D:2      | Reached XP level 4. HP: 39/39 MP: 5/10
  2882 | D:3      | Found a shadowy altar of Dithmenos.
  3014 | D:3      | Found a radiant altar of Vehumet.
  3026 | D:3      | Became a worshipper of Vehumet
  3591 | D:4      | Learned a level 3 spell: Mephitic Cloud
  3710 | D:3      | Reached skill level 5 in Spellcasting
  3755 | D:4      | Noticed Edmund
  3819 | D:3      | Reached XP level 5. HP: 37/45 MP: 3/12
  4157 | D:4      | Noticed a slave
  4159 | D:4      | Noticed Pikel
  4176 | D:4      | Noticed a slave
  4557 | D:4      | Noticed an ogre
  4642 | D:4      | Noticed a slave
  4708 | D:4      | Noticed a slave
  4800 | D:3      | Killed Edmund
  4800 | D:3      | Reached XP level 6. HP: 43/53 MP: 3/14
  5001 | D:3      | Killed Pikel
  5001 | D:3      | Reached skill level 7 in Spellcasting
  5001 | D:3      | Reached skill level 5 in Conjurations
  5001 | D:3      | Reached XP level 7. HP: 15/59 MP: 9/17
  5268 | D:4      | Found a transporter.
  5316 | D:4      | Found a transporter.
  5323 | D:4      | Slain by an ice beast

Levels and vault maps discovered:
D:1:      dpeg_arrival_orchard, layout_loops_corners
D:2:      layout_basic
D:3:      layout_basic, nicolae_dithmenos_shadow_blocks, vehumet_crystals,
          first_ration
D:4:      gammafunk_cloud_chamber, layout_rooms, nicolae_ru_path_of_blood,
          uniq_edmund, uniq_pikel

Skill      XL: |  1  2  3  4  5  6 |
---------------+-------------------+-----
Conjurations   | 1 2 3 5 |  5.3
Spellcasting   | 4 5 7 |  7.4
Dodging        | |  1.7
Stealth        | |  1.4
Summonings     | |  0.8
Translocations | |  0.8

Action                   |  1- 3 |  4- 6 |  7- 9 || total
-------------------------+-------+-------+-------++-------
Melee: Unarmed           |    28 |     1 |       ||    29
       Dagger            |       |    22 |    12 ||    34
Throw: Stone             |    11 |       |       ||    11
 Cast: Magic Dart        |    71 |    95 |     1 ||   167
       Call Imp          |     3 |    29 |     4 ||    36
       Mephitic Cloud    |       |     4 |     2 ||     6
       Blink             |       |     1 |       ||     1
  Use: Potion            |       |     3 |       ||     3
       Scroll            |       |       |     5 ||     5
 Stab: Confused          |       |     2 |       ||     2
  Eat: Chunk             |     4 |     7 |       ||    11
       Ration            |       |       |     1 ||     1
Armor: Robe              |    23 |    15 |       ||    38
Dodge: Dodged            |    38 |    33 |     8 ||    79

Table legend:
 A = Non-vault XP
 B = Vault XP
 C = Vault XP percentage of total XP
 D = Non-vault monster count
 E = Vault monster count
 F = Vault count percentage of total count
                 A         B        C        D         E       F
            +---------+---------+-------+---------+---------+-------
      Total |     436 |     605 |  58.1 |      62 |       2 |   3.1
            +---------+---------+-------+---------+---------+-------
        D:1 |      24 |       0 |   0.0 |      12 |       0 |   0.0
        D:2 |      88 |       0 |   0.0 |      26 |       0 |   0.0
        D:3 |      60 |     605 |  91.0 |      11 |       2 |  15.4
        D:4 |     264 |       0 |   0.0 |      13 |       0 |   0.0
            +---------+---------+-------+---------+---------+-------
